 Dungeon Crawl Stone Soup version 0.25-a0-164-gb55e97dba5 (webtiles) character file.

Game seed: 6392765120190608081, levelgen mode: deterministic

93 Leeroy the Conjurer (level 4, -1/33 HPs)
             Began as a Draconian Conjurer on Nov 22, 2019.
             Killed by divine providence
             ... invoked by an orc priest
              (15 damage)
             ... on level 3 of the Dungeon.
             The game lasted 00:04:36 (2269 turns).

Leeroy the Conjurer (Draconian Conjurer)            Turns: 2269, Time: 00:04:38

Health: -1/33      AC:  5    Str: 11    XL:     4   Next: 37%
Magic:  7/7        EV: 12    Int: 15    God:
Gold:   86         SH:  0    Dex: 12    Spells: 1/7 levels left

rFire    . . .     SeeInvis .   e - +0 short sword
rCold    . . .     Gourm    .   (no shield)
rNeg     . . .     Faith    .   (armour unavailable)
rPois    .         Spirit   .   (helmet restricted)
rElec    .         Reflect  .   (no cloak)
rCorr    .         Harm     .   (no gloves)
MR       .....                  (no boots)
Stlth    ++........             (no amulet)
HPRegen  0.11/turn              (no ring)
MPRegen  0.10/turn              (no ring)

@: no status effects
A: unfitting armour, cold-blooded, AC +5
a: no special abilities


You were on level 3 of the Dungeon.
You were not hungry.

You visited 1 branch of the dungeon, and saw 3 of its levels.

You collected 86 gold pieces.

Inventory:

Hand Weapons
 a - a +0 whip
 d - a +0 dagger
 e - a +0 short sword (weapon)
 k - a +0 mace
Missiles
 c - 6 javelins (quivered)
 o - 2 datura-tipped darts
Scrolls
 f - 2 scrolls of fog {unknown}
 g - 3 scrolls of identify {unknown}
 h - a scroll of blinking {unknown}
 j - a scroll of fear {unknown}
 n - a scroll of teleportation {unknown}
Potions
 l - a potion of heal wounds {unknown}
 m - a potion of haste {unknown}
Comestibles
 b - 4 rations


   Skills:
 - Level 1.7 Dodging
 - Level 1.7 Stealth
 - Level 2.0 Spellcasting
 + Level 5.9 Conjurations


You had one spell level left.
You knew the following spells:

 Your Spells              Type           Power        Failure   Level  Hunger
a - Magic Dart            Conj           ###.         1%          1    #......
b - Searing Ray           Conj           ###...       3%          2    ###....
c - Dazzling Spray        Conj/Hex       ##....       21%         3    ###....

Your spell library contained the following spells:

 Spells                   Type           Power        Failure   Level  Hunger
 Animate Skeleton         Necr           N/A          22%         1    #......
 Apportation              Tloc           #.....       22%         1    #......
 Confusing Touch          Hex            #.....       22%         1    #......
 Summon Small Mammal      Summ           #...         22%         1    #......
 Iskenderun's Mystic Bla  Conj           ###.....     19%         4    #####..
 Force Lance              Conj/Tloc      ##......     54%         4    #####..
 Fulminant Prism          Conj/Hex       ##........   54%         4    #####..


Dungeon Overview and Level Annotations

Branches:
Dungeon (3/15)

Altars:
Ashenzari
Nemelex Xobeh

Annotations:
D:3 Jessica


Innate Abilities, Weirdness & Mutations

Your plain brown scales are hard. (AC +5)
You cannot fit into any form of body armour.
You are cold-blooded and may be slowed by cold attacks.


Message History

The orc shouts!
You hit the orc.
The orc is moderately wounded.
The orc hits you but does no damage.
The orc priest calls upon Beogh to heal the orc.
The orc's wounds heal themselves!
The orc closely misses you.
You hit Jessica.
Jessica is heavily wounded.
The orc wizard looks satisfied for a moment.
The orc hits you but does no damage. The orc misses you.
An orc comes into view. It is wielding a +0 short sword.
Jessica hits you but does no damage.
You hit Jessica.
Jessica is almost dead.
The orc hits you but does no damage.
Jessica points at you and mumbles some strange words.
Pain shoots through your body!
The orc priest calls down the wrath of Beogh upon you.
Beogh smites you!
You die...

###############
#........รท....#
#.###########.# #.#
#...>...# # #.#
#.#####.## #####.#.#
.........)##
......#.##.#####..#.#.##
...........# #........
..K...o@o..# #r.#.#.##
.##.#.@o##.# #.#...##
#...ooo# .# #.##.#
#..#..oo# . . #.# #.
##.... . . .. # ..... ..
. .o.... ## ........


You could see an orc priest, an orc wizard, Jessica, 7 orcs and a kobold.

Vanquished Creatures
  4 adders
  2 worms
  2 dart slugs
  An orc (D:3)
  4 bats
  3 giant cockroaches
  9 hobgoblins
  7 kobolds
  4 ball pythons
  2 frilled lizards
  3 goblins
  7 rats
48 creatures vanquished.

Notes
Turn   | Place    | Note
-------+----------+-------------------------------------------
     0 | D:1      | Leeroy the Draconian Conjurer began the quest for the Orb.
     0 | D:1      | Reached XP level 1. HP: 14/14 MP: 3/3
   223 | D:1      | Reached XP level 2. HP: 2/20 MP: 0/5
  1006 | D:2      | Found a shattered altar of Ashenzari.
  1183 | D:2      | Reached skill level 5 in Conjurations
  1401 | D:2      | Reached XP level 3. HP: 26/26 MP: 6/6
  1555 | D:2      | Learned a level 2 spell: Searing Ray
  1559 | D:2      | Learned a level 3 spell: Dazzling Spray
  1776 | D:2      | Reached XP level 4. HP: 33/33 MP: 2/7
  1873 | D:2      | Found a sparkling altar of Nemelex Xobeh.
  2263 | D:3      | Noticed Jessica
  2269 | D:3      | Killed from afar by an orc priest

Levels and vault maps discovered:
D:1:      lemuel_arrival_lava_pool, layout_basic, roderic_lattice_a
D:2:      layout_rooms, lemuel_coloured_pillars_altar,
          nicolae_overflow_hidden_temple, minmay_shallow_snake_nest
D:3:      layout_loops_ring, uniq_jessica, uniq_sigmund

Skill      XL: |  1  2 |
---------------+-------+-----
Conjurations   | 5 |  5.9
Dodging        | |  1.7
Stealth        | |  1.7
Spellcasting   | |  2.0

Action                   |  1- 3 |  4- 6 || total
-------------------------+-------+-------++-------
Melee: Whip              |    25 |       ||    25
       Dagger            |     4 |       ||     4
       Tailslap          |    11 |       ||    11
       Short sword       |   130 |    42 ||   172
 Cast: Magic Dart        |     2 |       ||     2
       Searing Ray       |     4 |     1 ||     5
 Stab: Sleeping          |     1 |     3 ||     4
  Eat: Chunk             |     3 |     2 ||     5
Armor: Skin              |    52 |    13 ||    65
Dodge: Dodged            |   139 |    31 ||   170

Table legend:
 A = Non-vault XP
 B = Vault XP
 C = Vault XP percentage of total XP
 D = Non-vault monster count
 E = Vault monster count
 F = Vault count percentage of total count
                 A         B        C        D         E       F
            +---------+---------+-------+---------+---------+-------
      Total |     117 |      17 |  12.7 |      44 |       4 |   8.3
            +---------+---------+-------+---------+---------+-------
        D:1 |      30 |       0 |   0.0 |      16 |       0 |   0.0
        D:2 |      53 |      17 |  24.3 |      17 |       4 |  19.0
        D:3 |      34 |       0 |   0.0 |      11 |       0 |   0.0
            +---------+---------+-------+---------+---------+-------
